 Dungeon Crawl Stone Soup version 0.28-a0-479-g5baa6b7 (webtiles) character file.

Game seed: 7535928686868535538

65454 Illumine the Spear-Bearer (level 15, -9/120 HPs)
             Began as a Formicid Fighter on Sept 18, 2021.
             Was the Champion of Okawaru.
             Mangled by a catoblepas (27 damage)
             ... on level 6 of the Lair of Beasts.
             The game lasted 00:44:24 (25709 turns).

Illumine the Spear-Bearer (Formicid Fighter)       Turns: 25709, Time: 00:44:25

Health: -9/120     AC: 14    Str: 26    XL:     15   Next: 58%
Magic:  16/22      EV: 16    Int: 10    God:    Okawaru [******]
Gold:   2231       SH: 17    Dex: 16    Spells: 14/14 levels left

rFire   + + .      SeeInvis +   a - +2 demon trident (elec)
rCold   + + .      Faith    .   L - +3 kite shield {reflect}
rNeg    + . .      Spirit   .   M - +0 swamp dragon scales
rPois   +          Reflect  +   (helmet unavailable)
rElec   +          Harm     .   m - scarf {rC+ rF+}
rCorr   .          Rampage  +   j - +1 pair of gloves
Will    +++..                   u - -2 pair of boots of the Morning Star {Rampage rElec rN+}
Stlth   ++........              v - necklace of Bloodlust {*Rage Will++ Int-3 Slay+6}
HPRegen 0.30/turn               h - +6 ring of dexterity
MPRegen 0.18/turn               k - ring of Zuopa {Wiz rF+ rC+ Int+4}

@: heroic, finesse-ful
A: permanent stasis, dig shafts and tunnels, antennae 3, four strong arms
a: Dig, Shaft Self, Renounce Religion, Heroism, Finesse, Duel


You were on level 6 of the Lair of Beasts.
You worshipped Okawaru.
Okawaru was exalted by your worship.
You visited 3 branches of the dungeon, and saw 18 of its levels.
You also visited: Bailey and Gauntlet.

You collected 2231 gold pieces.

Inventory:

Hand Weapons
 a - a +2 demon trident of electrocution (weapon)
 b - the +12 arbalest "Mafaxe" {flame, rN+ Int+2}
   (Okawaru gifted it to you in a Gauntlet)

   Any ammunition fired from it burns those it strikes, dealing additional fire
   damage.
   Int:       It affects your intelligence (+2).
   rN:        It protects you from negative energy.
 B - the +9 glaive of Cowardice {freeze, rF+ rN+ Int+2}
   (You acquired it on level 6 of the Lair of Beasts)

   It freezes those it strikes, dealing additional cold damage.
   It can also slow down cold-blooded creatures.
   Int:       It affects your intelligence (+2).
   rF:        It protects you from fire.
   rN:        It protects you from negative energy.
 Z - the +8 scimitar "Imaunode" {vorpal, Str+3}
   (You found it on level 4 of the Lair of Beasts)

   It inflicts extra damage upon your enemies.
   Str:       It affects your strength (+3).
Missiles
 w - 151 bolts
 A - 2 throwing nets
Armour
 j - a +1 pair of gloves (worn)
 m - a scarf of resistance (worn)
 u - the -2 pair of boots of the Morning Star (worn) {Rampage rElec rN+}
   (You acquired it on level 6 of the Lair of Beasts)

   rElec:     It insulates you from electricity.
   rN:        It protects you from negative energy.
   Rampage:   It bestows one free step when moving towards enemies.
 x - the +0 cloak "Poiq" {Will+}
   (You found it on level 6 of the Dungeon)

   Will:      It increases your willpower.
 G - a +3 chain mail
 L - a +3 kite shield of reflection (worn)
 M - +0 swamp dragon scales (worn)
 P - +2 storm dragon scales
 Y - +0 fire dragon scales
Jewellery
 f - a ring of magical power
 h - a +6 ring of dexterity (left hand)
 k - the ring of Zuopa (right hand) {Wiz rF+ rC+ Int+4}
   (You found it in a Gauntlet)

   [ring of wizardry]

   It improves your spell success rate.
   Int:       It affects your intelligence (+4).
   rF:        It protects you from fire.
   rC:        It protects you from cold.
 v - the necklace of Bloodlust (around neck) {*Rage Will++ Int-3 Slay+6}
   (You found it in a Gauntlet)

   [amulet of nothing]

   It extends the wearer's berserk rage when killing foes.
   Int:       It affects your intelligence (-3).
   Slay:      It affects your accuracy & damage with ranged weapons and melee
   (+6).
   *Rage:     It lets you go berserk by making a melee attack (+50% chance).
   Will:      It greatly increases your willpower.
 E - a ring of flight
Wands
 p - a wand of polymorph (5)
 r - a wand of flame (8) (quivered)
 y - a wand of iceblast (38)
 F - a wand of acid (8)
 I - a wand of mindburst (11)
Scrolls
 c - a scroll of immolation
 d - 6 scrolls of magic mapping
 e - a scroll of enchant weapon {unknown}
 i - 2 scrolls of enchant armour
 n - 5 scrolls of teleportation
 o - a scroll of fear
 q - a scroll of fog
 s - 3 scrolls of noise
 D - 2 scrolls of silence
 J - 6 scrolls of vulnerability
 R - a scroll of amnesia {unknown}
 T - a scroll of brand weapon {unknown}
 W - a scroll of holy word {unknown}
Potions
 g - 4 potions of mutation
 t - 5 potions of curing
 z - 4 potions of haste
 C - a potion of might
 K - 4 potions of lignification
 N - a potion of invisibility
 O - 2 potions of cancellation
 Q - a potion of attraction
 V - 4 potions of flight
 X - a potion of resistance
Miscellaneous
 H - a tin of tremorstones (2/2)
 S - a lightning rod (4/4)
 U - a phial of floods


   Skills:
 + Level 12.1(17.1) Fighting
 - Level 14.0(19.0) Polearms
 + Level 8.7(13.7) Crossbows
 + Level 12.1(17.1) Armour
 + Level 4.2(9.2) Dodging
 + Level 10.8(15.8) Shields
 - Level 10.2 Invocations
 + Level 6.1 Evocations


You had 14 spell levels left.
You didn't know any spells.
Your spell library contained the following spells:

 Spells                   Type           Power      Damage    Failure   Level
 Apportation              Tloc           0%         N/A       19%         1
 Foxfire                  Conj/Fire      0%         2x1d4     19%         1
 Magic Dart               Conj           0%         1d3       19%         1
 Shock                    Conj/Air       0%         1d3       19%         1
 Ensorcelled Hibernation  Hex/Ice        0%         N/A       28%         2
 Searing Ray              Conj           0%         2d4       28%         2
 Slow                     Hex            0%         N/A       28%         2
 Sublimation of Blood     Necr           0%         N/A       28%         2
 Wereblood                Tmut           0%         N/A       28%         2
 Confusing Touch          Hex            0%         N/A       47%         3
 Conjure Flame            Conj/Fire      0%         6-21      47%         3
 Frozen Ramparts          Ice            0%         1d2       47%         3
 Inner Flame              Hex/Fire       0%         N/A       47%         3
 Ozocubu's Armour         Ice            0%         N/A       47%         3
 Portal Projectile        Hex/Tloc       0%         N/A       47%         3
 Vampiric Draining        Necr           0%         2d6       47%         3
 Flame Wave               Conj/Fire      0%         3d3       86%         4
 Fulminant Prism          Conj/Hex       0%         3d6       86%         4
 Ice Form                 Ice/Tmut       0%         N/A       86%         4
 Olgreb's Toxic Radiance  Pois           0%         N/A       86%         4
 Sticky Flame             Conj/Fire      0%         2d3       86%         4
 Blade Hands              Tmut           0%         N/A       99%         5
 Excruciating Wounds      Necr           0%         N/A       99%         5
 Iskenderun's Battlesphe  Conj           0%         2d6       99%         5
 Metabolic Englaciation   Hex/Ice        0%         N/A       99%         5
 Iron Shot                Conj/Erth      0%         9d1       100%        6
 Ozocubu's Refrigeration  Ice            0%         4d5       100%        7
 Ignition                 Fire           0%         3d3       100%        8
 Animate Skeleton         Necr           Unusable   N/A       N/A         1
 Summon Small Mammal      Summ           Unusable   N/A       N/A         1
 Blink                    Tloc           Unusable   N/A       N/A         2
 Tukima's Dance           Hex            Unusable   N/A       N/A         3
 Summon Ice Beast         Ice/Summ       Unusable   N/A       N/A         4
 Simulacrum               Ice/Necr       Unusable   N/A       N/A         6
 Spellforged Servitor     Conj/Summ      Unusable   N/A       N/A         7
 Summon Hydra             Summ           Unusable   N/A       N/A         7

Dungeon Overview and Level Annotations

Branches:
Dungeon (11/15)            Temple (1/1) D:5            Lair (6/6) D:11
  Swamp (0/4) Lair:4       Spider (0/4) Lair:2        Slime (0/5) Lair:5
 Bailey (visited)         Gauntlet (visited)
    Orc: D:9-12

Altars:
Cheibriados
Dithmenos
Elyvilon
Fedhas
Gozag
Hepliaklqana
Kikubaaqudgha
Makhleb
Nemelex Xobeh
Okawaru
Qazlal
Sif Muna
Trog
Uskayaw
Vehumet
Wu Jian
Xom
Yredelemnul
Zin
The Shining One

Shops:
D:2 !   D:3 *   D:8 *   D:11 =

Annotations:
D:3 2 runed translucent doors
D:8 3 runed translucent doors, Dega's ghost, novice DsFi
Lair:2 3 runed translucent doors, Hisoka's ghost, journeyman OpCj


Innate Abilities, Weirdness & Mutations

You cannot be hasted, slowed, berserked, paralysed or teleported.
You can dig through walls and to a lower floor.
You have a pair of large antennae on your head. (SInv)
Your four strong arms can wield two-handed weapons with a shield.


Message History

The death yak misses you.
The dire elephant is engulfed in calcifying dust.
The manticore is engulfed in calcifying dust.
You puncture the death yak!
Lightning courses through the death yak!
You kill the death yak!
Okawaru accepts your kill. Okawaru grants you a weapon!
Something appears at your feet!
You see here a +4 hand crossbow of flaming.
The dire elephant is engulfed in calcifying dust.
The helpless dire elephant fails to defend itself.
You skewer the dire elephant like a kebab!!!
The dire elephant is moderately wounded.
The helpless dire elephant fails to defend itself.
You spit the dire elephant like a pig!!!
The dire elephant is heavily wounded.
The dire elephant is no longer petrified.
You block the dire elephant's attack. The dire elephant closely misses you.
You puncture the dire elephant!
Lightning courses through the dire elephant!
The dire elephant is severely wounded.
The dire elephant misses you. The dire elephant trunk-slaps you.
You completely miss the dire elephant.
The dire elephant is severely wounded.
You puncture the dire elephant!
The dire elephant is almost dead.
The dire elephant tramples you!!
* * * LOW HITPOINT WARNING * * *
You hold your ground!
The dire elephant trunk-slaps you but does no damage.
You hit the dire elephant but do no damage.
The dire elephant is almost dead.
You completely miss the dire elephant.
The dire elephant is almost dead.
You block the dire elephant's attack. The dire elephant barely misses you.
You can now deal lightning-fast blows.
The dire elephant closely misses you. You block the dire elephant's attack.
The catoblepas gores you!!
You die...

....##..##.......#### ##......
...)##..##P..#...# ##.###........
....###..#...#...# )...##.....##.
#....#P..##..#####!?$..##........
###.##..###P.....#.(...##..#...#.
..###.÷.# #......#..... ###......
........####....((....# #.......
......÷...##..HY#Y#..## #.......
#..........##...@...## #.......
##........(###...#.#######.......
.###..P.....###### ##..##....#...
..##.P†.......######..###...##≈.≈
.....P†.÷..............#.#...≈.≈.
P...P.........................≈.≈
......P..........#...........≈._.
................#..#..........≈.≈
.............#P######..<.....≈._^


You could see a dire elephant, a catoblepas and a manticore (petrified).

Vanquished Creatures
  Kirke (Arena)
  A minotaur (Gauntlet)
  A fire dragon (Lair:4)
  2 boulder beetles
  A catoblepas (Lair:6)
  6 hydras
  Erica (D:10)
  2 two-headed ogres
  8 death yaks
  Urug (D:10)
  A fire crab (Gauntlet)
  Nergalle (Lair:2)
  2 lindwurms
  A wolf spider (Lair:6)
  An oklob plant (Lair:6)
  3 manticores
  A guardian serpent (Lair:6)
  10 elephants
  15 cane toads
  12 black mambas
  2 rime drakes
  17 komodo dragons
  An ice devil (Gauntlet)
  2 jumping spiders (Lair:2)
  A polar bear (Lair:2)
  A troll (D:9)
  4 hornets
  6 dream sheep (Lair:6)
  16 blink frogs
  4 redbacks
  A vampire (D:11)
  6 flying skulls (Gauntlet)
  37 yaks
  Sigmund (D:4)
  4 fire bats (Gauntlet)
  19 wyverns
  3 hogs (Lair:6)
  5 humans
  4 basilisks
  A steam dragon (Lair:3)
  4 vampire mosquitoes (Lair:4)
  2 hell hounds (Gauntlet)
  An acid dragon (D:11)
  31 water moccasins
  A swamp drake (Lair:2)
  An ice beast (D:6)
  A sky beast (D:6)
  3 black bears
  A hornet zombie (D:8)
  7 orc warriors
  2 necrophages (D:6)
  2 ogres
  7 wolves (Lair:3)
  5 centaurs
  A phantom (D:7)
  2 kobold brigands
  14 bullfrogs
  2 scorpions
  A water moccasin zombie (D:6)
  14 killer bees
  8 wights
  4 howler monkeys
  An electric eel (Lair:2)
  2 centaur zombies
  A bullfrog zombie (D:6)
  7 orc priests
  4 jellies
  A bullfrog skeleton (D:6)
  A hound (D:5)
  2 gnoll shamans
  A centaur skeleton (D:6)
  7 hell rats (Lair:6)
  9 orc wizards
  3 iguanas
  A killer bee zombie (D:5)
  25 adders
  12 gnolls
  2 shadow imps
  4 white imps (Gauntlet)
  An adder skeleton (D:4)
  3 worms (D:2)
  3 dart slugs
  21 orcs
  8 bats
  15 endoplasms
  6 giant cockroaches
  6 goblins
  6 hobgoblins
  3 jackals
  5 quokkas
  7 ball pythons
  A frilled lizard (D:2)
  13 kobolds
  9 rats
510 creatures vanquished.

Vanquished Creatures (others)
  75 fungi
  101 plants
  14 withered plants (Gauntlet)
190 creatures vanquished.

Grand Total: 700 creatures vanquished

Notes
Turn   | Place    | Note
-------+----------+-------------------------------------------
     0 | D:1      | Illumine the Formicid Fighter began the quest for the Orb.
     0 | D:1      | Reached XP level 1. HP: 18/18 MP: 1/1
   186 | D:1      | Reached XP level 2. HP: 21/24 MP: 2/2
   553 | D:1      | Found a faded altar of an unknown god.
   575 | D:1      | Got Plato's Tome of Lightness
   715 | D:1      | Reached XP level 3. HP: 28/29 MP: 3/3
  1136 | D:2      | Reached skill level 3 in Polearms
  1269 | D:2      | Reached XP level 4. HP: 34/37 MP: 4/4
  1560 | D:2      | Found Vyly's Distillery.
  2144 | D:3      | Found a large runed translucent door.
  2154 | D:3      | Found a large runed translucent door.
  2179 | D:3      | Found Tebir's General Store.
  2240 | D:2      | Reached XP level 5. HP: 6/42 MP: 5/5
  2564 | D:3      | Found a shimmering altar of Xom.
  2725 | D:3      | HP: 2/42 [orc priest/nerve-wracking pain (7)]
  2728 | D:3      | Reached skill level 4 in Polearms
  2825 | D:3      | Found a glowing drain.
  3147 | D:3      | Found a white marble altar of Elyvilon.
  3250 | D:3      | Reached XP level 6. HP: 47/48 MP: 6/6
  3504 | D:4      | Found a hazy altar of Hepliaklqana.
  3528 | D:4      | Found a runed translucent door.
  3528 | D:4      | Noticed a human
  3533 | D:4      | Found a basalt altar of Yredelemnul.
  3564 | D:4      | Noticed Sigmund
  3569 | D:4      | You fall into a shaft and drop 2 floors!
  3725 | D:6      | Found an ornate altar of the Wu Jian Council.
  3842 | D:6      | Noticed a sky beast
  3858 | D:6      | Killed a sky beast
  3859 | D:6      | Reached skill level 5 in Polearms
  3859 | D:6      | Reached XP level 7. HP: 48/55 MP: 7/7
  3919 | D:6      | Reached skill level 5 in Shields
  3929 | D:5      | Entered Level 5 of the Dungeon
  4073 | D:5      | Found an opulent altar of Gozag.
  4261 | D:5      | Found a hide-covered altar of Uskayaw.
  4320 | D:5      | Reached skill level 5 in Armour
  4393 | D:5      | Reached skill level 5 in Fighting
  4421 | D:5      | Found a shadowy altar of Dithmenos.
  4536 | D:5      | Found a staircase to the Ecumenical Temple.
  4563 | Temple   | Entered the Ecumenical Temple
  4674 | Temple   | Became a worshipper of Warmaster Okawaru
  4878 | D:5      | Reached XP level 8. HP: 62/62 MP: 8/8
  5119 | D:4      | Reached skill level 1 in Invocations
  5243 | D:4      | Found a shimmering blue altar of Sif Muna.
  5352 | D:4      | Killed Sigmund
  5353 | D:4      | Reached skill level 6 in Polearms
  5412 | D:4      | Killed a human
  5412 | D:4      | Reached * piety under Okawaru
  5604 | D:4      | Found a blossoming altar of Fedhas.
  6301 | D:6      | Reached XP level 9. HP: 69/69 MP: 11/11
  6375 | D:6      | Identified the +0 cloak "Poiq" {Will+}
  6575 | D:6      | Reached skill level 7 in Polearms
  7710 | D:7      | Reached ** piety under Okawaru
  9043 | D:8      | Found a runed translucent gate.
  9043 | D:8      | Noticed Dega's ghost (novice DsFi)
  9056 | D:8      | Reached skill level 8 in Polearms
  9127 | D:8      | Found a runed translucent gate.
  9128 | D:8      | Found a runed translucent gate.
  9138 | D:8      | Noticed a two-headed ogre
  9146 | D:8      | Killed a two-headed ogre
  9146 | D:8      | Reached *** piety under Okawaru
  9147 | D:8      | Reached skill level 5 in Invocations
  9147 | D:8      | Reached XP level 10. HP: 79/79 MP: 10/13
  9802 | D:8      | Found Pinnuxeq's General Store.
  9815 | D:8      | Reached skill level 9 in Polearms
 10446 | D:9      | Found a flagged portal.
 10464 | Bailey   | Entered a bailey
 11619 | D:9      | Found a stormy altar of Qazlal.
 11794 | D:9      | Reached **** piety under Okawaru
 12508 | D:10     | Entered Level 10 of the Dungeon
 12565 | D:10     | Reached XP level 11. HP: 76/86 MP: 14/16
 12585 | D:9      | Reached skill level 1 in Crossbows
 12593 | D:9      | Reached skill level 10 in Polearms
 13273 | D:10     | Noticed a boulder beetle
 13346 | D:10     | Noticed a two-headed ogre
 13362 | D:10     | HP: 2/87 [two-headed ogre (8)]
 13363 | D:10     | Killed a two-headed ogre
 14003 | D:10     | Reached ***** piety under Okawaru
 14192 | D:10     | Noticed Erica
 14212 | D:10     | Killed a boulder beetle
 14222 | D:10     | Killed Erica
 14222 | D:10     | Received a gift from Okawaru
 14524 | D:10     | Noticed Urug
 14533 | D:10     | Killed Urug
 14675 | D:10     | Reached skill level 11 in Polearms
 14888 | D:11     | Found a gate leading to a gauntlet.
 14897 | Gauntlet | Entered a Gauntlet
 14897 | Gauntlet | Found a transporter.
 14897 | Gauntlet | Found a transporter.
 14901 | Gauntlet | Found a transporter.
 14906 | Gauntlet | Noticed a fire crab
 14917 | Gauntlet | Found a transporter.
 14921 | Gauntlet | Found a transporter.
 14930 | Gauntlet | Found a transporter.
 14934 | Gauntlet | Noticed a necromancer
 14936 | Gauntlet | Noticed a death yak
 14937 | Gauntlet | Found the necklace of Bloodlust {*Rage Will++ Int-3 Slay+6}
 14938 | Gauntlet | Noticed a death yak
 14939 | Gauntlet | Found a transporter.
 14939 | Gauntlet | Found a transporter.
 14939 | Gauntlet | Noticed a death yak
 14941 | Gauntlet | Found a transporter.
 14941 | Gauntlet | Noticed a fire crab
 14944 | Gauntlet | Found a transporter.
 14980 | Gauntlet | Found a transporter.
 15018 | Gauntlet | Found a transporter.
 15030 | Gauntlet | Found a transporter.
 15034 | Gauntlet | Noticed a fire crab
 15047 | Gauntlet | Found a transporter.
 15164 | Gauntlet | Found a transporter.
 15180 | Gauntlet | Found a transporter.
 15311 | Gauntlet | Reached XP level 12. HP: 48/95 MP: 11/18
 15527 | Gauntlet | Identified the +12 arbalest "Mafaxe" {flame, rN+ Int+2}
                  | (Okawaru gifted it to you in a Gauntlet)
 15527 | Gauntlet | Received a gift from Okawaru
 15632 | Gauntlet | Killed a fire crab
 15650 | Gauntlet | Identified the ring of Zuopa {Wiz rF+ rC+ Int+4}
 15873 | Gauntlet | Noticed a minotaur
 15885 | Gauntlet | Killed a minotaur
 15894 | Gauntlet | Got the Reference Book on Excruciating Displacement
 16323 | D:11     | Noticed a six-headed hydra
 16332 | D:11     | Killed a six-headed hydra
 16468 | D:11     | Received a gift from Okawaru
 16571 | D:11     | Noticed a four-headed hydra
 16573 | D:11     | Killed a four-headed hydra
 16574 | D:11     | Reached skill level 12 in Polearms
 16578 | D:11     | Reached skill level 5 in Crossbows
 16672 | D:11     | Found a staircase to the Lair.
 16816 | D:11     | Found Fomaweod's Jewellery Boutique.
 16866 | Lair:1   | Entered Level 1 of the Lair of Beasts
 16921 | Lair:1   | Reached skill level 10 in Armour
 16928 | Lair:1   | Reached skill level 10 in Fighting
 17000 | Lair:1   | Received a gift from Okawaru
 17103 | Lair:1   | Reached XP level 13. HP: 103/103 MP: 20/20
 18113 | Lair:2   | Found a hole to the Spider Nest.
 18279 | Lair:2   | Noticed Nergalle
 18290 | Lair:2   | Killed Nergalle
 18908 | Lair:2   | Reached skill level 10 in Invocations
 19003 | Lair:2   | Found a runed translucent gate.
 19033 | Lair:2   | Found a runed translucent gate.
 19033 | Lair:2   | Found a runed translucent gate.
 19038 | Lair:2   | Noticed Hisoka's ghost (journeyman OpCj)
 19167 | Lair:2   | Noticed a four-headed hydra
 19171 | Lair:2   | Killed a four-headed hydra
 19631 | Lair:3   | Reached skill level 13 in Polearms
 20045 | Lair:3   | Reached ****** piety under Okawaru
 20447 | Lair:4   | Reached skill level 1 in Evocations
 20847 | Lair:4   | Reached XP level 14. HP: 111/111 MP: 21/21
 21139 | Lair:4   | Found a staircase to the Swamp.
 21573 | Lair:4   | Received a gift from Okawaru
 21590 | Lair:4   | Found the +4 moon troll leather armour {Spirit, Regen++
                  | MP+5}
 21600 | Lair:4   | Identified the +2 robe "Coacha" {Int+4 Archmagi}
 21601 | Lair:4   | Identified the +8 scimitar "Imaunode" {vorpal, Str+3}
 22296 | Lair:5   | Reached skill level 1 in Dodging
 22401 | Lair:5   | Received a gift from Okawaru
 22749 | Lair:5   | Found a staircase to the Slime Pits.
 23048 | Lair:6   | Entered Level 6 of the Lair of Beasts
 23142 | Lair:6   | Received a gift from Okawaru
 23147 | Lair:6   | Reached skill level 14 in Polearms
 23667 | Lair:6   | Identified 3 scrolls of acquirement
 23669 | Lair:6   | Acquired 792 gold pieces
 23671 | Lair:6   | Acquired the -2 pair of boots of the Morning Star {Rampage
                  | rElec rN+}
 23687 | Lair:6   | Reached skill level 10 in Shields
 23703 | Lair:6   | Acquired the +9 glaive of Cowardice {freeze, rF+ rN+ Int+2}
 23779 | Lair:6   | Received a gift from Okawaru
 23830 | Lair:6   | Reached XP level 15. HP: 119/119 MP: 22/22
 24033 | Lair:6   | Reached skill level 5 in Evocations
 24433 | Lair:6   | Received a gift from Okawaru
 24436 | Lair:6   | Noticed Kirke
 24438 | Arena    | Entered the Arena
 24443 | Arena    | Killed Kirke
 24653 | Lair:6   | Found a hide-covered altar of Uskayaw.
 24656 | Lair:6   | Found an ornate altar of the Wu Jian Council.
 25701 | Lair:6   | Received a gift from Okawaru
 25709 | Lair:6   | Mangled by a catoblepas

Illustrated notes

Levels and vault maps discovered:
D:1:      dpeg_arrival_three_same_balls, layout_basic,
          shapermc_ecumenical_altar_rom_forum
D:2:      wad_river_or_something, layout_loops_ring, serial_shops, shop
D:3:      layout_rooms, nicolae_elyvilon_peaceful_grove, xom_butterflies,
          jmf_multi_god_temple2, portal_sewer_entry_f, serial_shops,
          nicolae_square_shop, kennysheep_path_1, roderic_lattice_a
D:4:      layout_basic, dk_yredelemnul_ordeal, fedhas_altar_2,
          mainiacjoe_overflow_alcove_4, lemuel_crystal_altar, uniq_sigmund
D:5:      minmay_diamond_boxcup, layout_loops_ring, lemuel_doored_altar,
          mainiacjoe_overflow_small_starburst,
          mainiacjoe_overflow_cross_hatched, minmay_temple_entry_gardened_gates
D:6:      layout_loops_ring, lemuel_round_altar, grunt_ministairs_14,
          hangedman_glass_teeth
D:7:      layout_cave_pods
D:8:      layout_layer_cave, serial_shops, nicolae_shop_crystal,
          gammafunk_ghost_spectres
D:9:      lemuel_ice_spiral_2, layout_irregular_city,
          nicolae_qazlal_general_emergency, enter_bailey_4,
          hangedman_abyss_or_decor_clamps
D:10:     layout_rooms, minivault_1, uniq_erica, uniq_urug
D:11:     layout_gridville, grunt_lair_entry_orc_guard_hut,
          gauntlet_entry_generic, serial_shops, nicolae_lakefront_shop
Temple:   kb_temple_of_zot
Lair:1:   layout_layer_cave
Lair:2:   lemuel_reptile_caves, layout_regular_city, spider_nest_entry_a,
          gammafunk_ghost_necromancy, lemuel_fruit_tree,
          infiniplex_staircase_pool, uniq_nergalle
Lair:3:   layout_gridlike, nicolae_lair_grove_arrangements
Lair:4:   dragon1_lemuel, layout_regular_city, minmay_swamp_entry_swarm,
          grunt_forest_small_clearing_treed, grunt_megastairs_5
Lair:5:   layout_loops_ring, nicolae_slime_entry_slimehenge
Lair:6:   hangedman_lair_in_review, layout_gridlike,
          hangedman_lair_tendril_chambers, nzn_masters_of_martial_movement,
          uniq_kirke

Skill      XL: |  1  2  3  4  5  6  7  8  9 10 11 12 13 14 15 |
---------------+----------------------------------------------+-----
Polearms       | 3 4 5 6 8 9 11 12 13 14 | 14.0
Armour         | 4 5 6 7 8 9 10 11 12 | 12.1
Fighting       | 4 5 6 7 8 9 10 11 12 | 12.1
Shields        | 4 5 6 7 8 10 | 10.8
Invocations    | 2 5 6 8 9 10 | 10.2
Crossbows      | 3 5 6 7 8 |  8.7
Evocations     | 1 4 6 |  6.1
Dodging        | 2 4 |  4.2

Action                   |  1- 3 |  4- 6 |  7- 9 | 10-12 | 13-15 || total
-------------------------+-------+-------+-------+-------+-------++-------
Melee: Trident           |   111 |   224 |   346 |       |       ||   681
       Halberd           |       |       |    48 |   330 |       ||   378
       Demon trident     |       |       |       |   151 |   509 ||   660
       Glaive            |       |       |       |       |    73 ||    73
 Fire: Shortbow          |       |       |     3 |       |       ||     3
       Arbalest          |       |       |       |    33 |   167 ||   200
Throw: Dart              |       |       |     1 |       |       ||     1
Invok: Heroism           |       |       |     4 |    10 |     6 ||    20
       Finesse           |       |       |       |     1 |     2 ||     3
       Duel              |       |       |       |       |     1 ||     1
 Abil: Dig               |       |     1 |       |       |     1 ||     2
       Shaft Self        |       |     1 |       |       |       ||     1
Evoke: Wand              |       |       |    13 |    23 |       ||    36
  Use: Potion            |       |     1 |       |     4 |     1 ||     6
       Scroll            |       |     2 |     1 |    11 |    13 ||    27
 Stab: Petrified         |       |       |       |       |     2 ||     2
Armor: Plate armour      |    46 |   127 |   223 |   163 |       ||   559
       Chain mail        |       |       |       |    94 |       ||    94
       Swamp dragon scal |       |       |       |     5 |   162 ||   167
       Storm dragon scal |       |       |       |       |     1 ||     1
Dodge: Dodged            |    27 |    65 |   106 |   191 |   162 ||   551
Block: Buckler           |    24 |    65 |    93 |   133 |       ||   315
       Kite shield       |       |       |       |    17 |   331 ||   348
       Reflection        |       |       |       |       |     2 ||     2

Table legend: (Time is in decaauts)
 A = Elapsed time spent in this place.
 B = Non-inter-level travel time spent in this place.
 C = Inter-level travel time spent in this place.
 D = Time resting spent in this place.
 E = Time spent auto-exploring this place.
 F = Levels seen in this place.
 G = Mean time per level.
                   A        B        C        D        E       F      G
               +--------+--------+--------+--------+--------+-----+--------+
         Total |  25615 |  25035 |    580 |   6655 |  13626 |  21 | 1219.8 |
       Dungeon |  15709 |  15228 |    481 |   4566 |   8031 |  11 | 1428.1 |
        Temple |    143 |    112 |     31 |      0 |     96 |   1 |  143.0 |
          Lair |   8708 |   8640 |     68 |   1733 |   5410 |   6 | 1451.3 |
        Bailey |     13 |     13 |      0 |      0 |      0 |   1 |   13.0 |
      Gauntlet |    997 |    997 |      0 |    338 |     89 |   1 |  997.0 |
         Arena |     42 |     42 |      0 |     18 |      0 |   1 |   42.0 |
               +--------+--------+--------+--------+--------+-----+--------+

Top non-repeatable levels by time:
  Lair:6: 2612 daAuts
     D:9: 2608 daAuts
     D:6: 1929 daAuts
    D:10: 1826 daAuts
     D:2: 1612 daAuts
  Lair:4: 1457 daAuts
     D:7: 1367 daAuts
     D:8: 1355 daAuts
  Lair:2: 1340 daAuts
  Lair:1: 1238 daAuts
  Lair:5: 1163 daAuts
     D:5: 1051 daAuts
     D:3: 1038 daAuts
     D:4: 1030 daAuts
Gauntlet: 997 daAuts
